 Dungeon Crawl Stone Soup version 0.13-a0-2505-g5f0fbe2 (webtiles) character file.

515667 JacquesDerrida the Phalangite (level 25, -12/187 (195) HPs)
             Began as a Merfolk Ice Elementalist on July 20, 2013.
             Was a High Priest of Ashenzari.
             Mangled by an azure jelly (39 damage)
             ... on Level 3 of the Pits of Slime on July 23, 2013.
             The game lasted 10:20:33 (103726 turns).

JacquesDerrida the Phalangite (MfIE)              Turns: 103726, Time: 10:21:03

HP -12/187 (195) AC 34     Str 15      XL: 25   Next: 59%
MP  33/44        EV 35     Int 22      God: Ashenzari [*****.]
Gold 3018        SH  0     Dex 16      Spells: 17 memorised,  1 level left

Res.Fire  : . . .   See Invis. : +   d - +7,+8 bardiche (flame)
Res.Cold  : . . .   Warding    : +   G - +5 mottled dragon armour (curse)
Life Prot.: + . .   Conserve   : +   (no shield)
Res.Poison: .       Res.Corr.  : +   H - +2 helmet {Int+3} (curse)
Res.Elec. : .       Clarity    : +   D - +1 cloak {rCorr, Cons} (curse)
Sust.Abil.: . .     Spirit.Shd : .   O - +0 pair of gauntlets
Res.Mut.  : .       Stasis     : .   o - +1 pair of elf boots (curse)
Res.Rott. : .       Flight     : .   r - brooch of Shielding {Ward AC+4 EV+4}
Saprovore : . . .                    E - cursed ring of wizardry
                                     i - cursed +6 ring of evasion

@: icy armour, regenerating, quite resistant to hostile enchantments, stealthy
A: change form in water, swift swim, Dex +1
a: Scrying, Transfer Knowledge, Renounce Religion
}: 2/15 runes: serpentine, silver


You were on level 3 of the Pits of Slime.
You worshipped Ashenzari.
Ashenzari was exalted by your worship.
You were not hungry.

You visited 10 branches of the dungeon, and saw 62 of its levels.
You visited the Abyss 1 time.
You also visited: Labyrinth, Bailey, Ice Cave and Wizlab.

You collected 6403 gold pieces.
You spent 3405 gold pieces at shops.

Inventory:

Hand weapons
 d - a +7,+8 bardiche of flaming (weapon)
 z - the +18,+18 lance "Wyrmbane" (quivered) {slay drac, +Rage rPois rF+ AC+5}
   (You found it on level 16 of the Dungeon)

   This legendary weapon is deadly to all dragonkind.
   It also provides some protection from the breath attacks of dragons and other
   creatures.
   It affects your AC (+5).
   It protects you from fire.
   It protects you from poison.
   It lets you go berserk.
Armour
 e - a +0 pair of boots of stealth
 o - a cursed +1 pair of elven boots (worn)
 D - a cursed +1 cloak of preservation (worn)
 G - a cursed +5 mottled dragon armour (worn)
 H - a cursed +2 helmet of intelligence (worn)
 O - a +0 pair of gauntlets (worn)
 Z - the +2 cloak of the Thief {+Fog Dam-3 SInv Stlth++}
   (You bought it in a shop on level 4 of the Vaults)

   It affects your damage-dealing abilities (-3).
   It enhances your eyesight.
   It can be evoked to emit clouds of fog.
   It makes you much more stealthy.
Magical devices
 b - a wand of digging (10)
 g - a wand of teleportation (5)
 m - a wand of disintegration (17)
 F - a wand of heal wounds (4)
Comestibles
 c - 6 bread rations
Scrolls
 f - 8 scrolls of identify
 l - 5 scrolls of fog
 s - 5 scrolls of remove curse
 y - 3 scrolls of magic mapping
 L - 5 scrolls of teleportation
 M - 3 scrolls of curse armour
 S - 2 scrolls of holy word
Jewellery
 i - a cursed +6 ring of evasion (left hand)
 j - an uncursed ring of magical power
 r - the brooch of Shielding (around neck) {Ward AC+4 EV+4}
   (You bought it in a shop on level 3 of the Snake Pit)

   [amulet of warding]

   It affects your AC (+4).
   It affects your evasion (+4).
 t - an uncursed ring of protection from fire
 B - the ring "Qemanuh" {Str+2 Dex+2 Int+4}
   (You found it on level 3 of the Elven Halls)

   [ring of dexterity]

   It affects your dexterity (+2).
   It affects your strength (+2).
   It affects your intelligence (+4).
 E - a cursed ring of wizardry (right hand)
 I - an uncursed amulet of resist mutation
Potions
 n - 7 potions of curing
 u - 2 potions of speed
 v - 5 potions of restore abilities
 P - 2 potions of flight
 T - 3 potions of brilliance
Books
 h - a book of Fire

   Spells                             Type                      Level
   *Fire Brand                        Charms/Fire                  2
   Ignite Poison                      Fire/Transmutation           5
   Fireball                           Conjuration/Fire             5
   Bolt of Fire                       Conjuration/Fire             6
   Delayed Fireball                   Conjuration/Fire             7
   Ring of Flames                     Charms/Fire                  7
 k - a Grand Grimoire {highlevel}

   This book is beyond your current level of understanding.

   Spells                             Type                      Level
   Demonic Horde                      Summoning                    6
   Mass Abjuration                    Summoning                    6
   Haunt                              Necromancy/Summoning         7
   Summon Greater Demon               Summoning                    7
   Malign Gateway                     Summoning/Translocation      7
   Summon Horrible Things             Summoning                    8
 C - a book of Fire

   Spells                             Type                      Level
   *Fire Brand                        Charms/Fire                  2
   Ignite Poison                      Fire/Transmutation           5
   Fireball                           Conjuration/Fire             5
   Bolt of Fire                       Conjuration/Fire             6
   Delayed Fireball                   Conjuration/Fire             7
   Ring of Flames                     Charms/Fire                  7
Miscellaneous
 p - a sack of spiders
 x - a fan of gales
 A - a phial of floods
Rods
 R - a +4 rod of demonology (14/14)
   (You found it on level 3 of the Elven Halls)


   Skills:
 - Level 16.0 Fighting
 - Level 24.2 Polearms
 - Level 2.0 Armour
 - Level 17.0(19.1) Dodging
 - Level 2.1(4.2) Stealth
   Level 0.2 Shields
 - Level 17.6 Spellcasting
 - Level 14.2(16.4) Conjurations
 - Level 3.2(5.5) Hexes
 - Level 12.0(14.3) Charms
   Level 4.0(6.4) Summonings
 + Level 8.9(11.4) Necromancy
 + Level 13.0(15.3) Transmutations
 - Level 17.6(19.6) Ice Magic
 - Level 5.0(7.6) Air Magic


You had one spell level left.
You knew the following spells:

 Your Spells              Type           Power        Failure   Level  Hunger
a - Freeze                Ice            ####         0%          1    None
b - Bolt of Cold          Conj/Ice       #######...   1%          6    ####...
c - Ozocubu's Armour      Chrm/Ice       #######...   0%          3    None
d - Control Teleport      Chrm/Tloc      ######....   1%          4    None
e - Throw Icicle          Conj/Ice       #######.     1%          4    None
f - Condensation Shield   Ice            #######...   0%          4    None
g - Necromutation         Trmt/Necr      ######....   45%         8    #######
h - Swiftness             Chrm/Air       ######....   1%          2    None
i - Apportation           Tloc           ###.......   1%          1    None
j - Corpse Rot            Necr           N/A          1%          2    None
k - Blink                 Tloc           N/A          2%          2    None
l - Iskenderun's Battles  Conj/Chrm      ######..     1%          4    None
m - Deflect Missiles      Chrm/Air       ######....   2%          6    ####...
n - Regeneration          Chrm/Necr      ######....   1%          3    None
o - Silence               Hex/Air        #####.....   2%          5    None
p - Beastly Appendage     Trmt           ######       0%          1    None
q - Fire Brand            Chrm/Fire      ######....   1%          2    None


Dungeon Overview and Level Annotations

Branches:
Dungeon (27/27)            Temple (1/1) D:4             Orc (4/4) D:6
    Elf (3/3) Orc:3          Lair (8/8) D:13          Swamp (5/5) Lair:3
  Snake (5/5) Lair:3        Slime (3/6) Lair:6       Vaults (5/5) D:18
  Blade (1/1) Vaults:3      Crypt (0/5) Vaults:2        Zot (0/5) D:27

Altars:
Ashenzari
Cheibriados
Elyvilon
Fedhas
Kikubaaqudgha
Makhleb
Nemelex Xobeh
Okawaru
Sif Muna
Trog
Vehumet
Xom
Yredelemnul
Zin
the Shining One
Jiyva

Shops:
D:5: * D:8: * D:15: [ Orc:4: *[([ Elf:1: ? Elf:2: = Snake:2: }([% Snake:3: = Vaults:3: !/ Vaults:4: [(*

Portals:
Hell: D:21 D:22 D:23 D:24 D:25 D:26 D:27 Lair:8
Abyss: D:21 D:23 D:24 D:25
Pandemonium: D:24 D:25

Annotations
D:16 wyrmbane
D:17 Nessos
D:18 Mara
D:23 Mennas
Elf:3 exclusions: 5 doors and 1 more exclusion
Lair:4 Rycklaryybbe's ghost, powerful DrMo
Vaults:2 exclusions: door and 2 more exclusions, Sojobo


Innate Abilities, Weirdness & Mutations

You revert to your normal form in water.*
You are very nimble and swift while swimming.*
You are agile (Dex +1).


Message History

Casting: Fire Brand
Confirm with . or Enter, or press ? or * to list all spells.
Your skin crawls.
Casting: Regeneration
Confirm with . or Enter, or press ? or * to list all spells.
A film of ice covers your body!
The azure jelly hits you but does no damage.
The azure jelly completely misses you. The azure jelly misses you.
The azure jelly closely misses you. The azure jelly closely misses you.
The azure jelly misses you. The azure jelly completely misses you.
There is a stone staircase leading up here.
You slice the azure jelly!! You burn the azure jelly!
The azure jelly is heavily wounded.
The azure jelly hits you. The azure jelly freezes you!
* * * LOW HITPOINT WARNING * * *
The azure jelly hits you.
* * * LOW HITPOINT WARNING * * *
The azure jelly freezes you!
You die...

.##.#...........##...*
.#.......J.....##...#*
.............^.#....##
........>..J..##.....# ##
.#.............##....##.##
....#...........##.......*
............<....#....# *
##....................#** *
*#.#...........J@.....##...
#.......................#. *
.#.......#................#
.......#.##................**
........................... *
.......>................##,
...##.............#.....*
..*##.#.....##........
**#......#.####.#.#.*, *


You could see an azure jelly and a slime creature.

Vanquished Creatures
  Saint Roka (Elf:3)
  Norris (Vaults:3)
  A golden dragon (D:27)
  Jory (Vaults:2)
  Frederick (D:25)
  An electric golem (WizLab)
  A lich (D:26)
  3 tentacled monstrosities
  2 deep elf blademasters (Elf:3)
  2 titans (Vaults:5)
  2 deep elf master archers (Elf:3)
  Rupert (D:18)
  9 storm dragons
  5 sphinxes
  8 shadow dragons
  14 tengu reavers
  Roxanne (Elf:1)
  11 vault wardens
  2 orc warlords (D:25)
  Wiglaf (Swamp:2)
  9 fire giants
  2 azure jellies (Slime:2)
  The ghost of TZer0 the Bludgeoner, a mighty DjBe of Trog (Swamp:4)
  11 deep elf sorcerers (Elf:3)
  A draconian scorcher (D:27)
  An iron dragon (Vaults:5)
  8 frost giants
  A large abomination (Vaults:4)
  3 draconian callers (D:27)
  7 greater nagas
  7 deep elf demonologists
  2 elemental wellsprings (D:17)
  A vampire knight (D:16)
  43 stone giants
  6 deep elf annihilators
  A green draconian (D:27)
  A purple draconian (D:27)
  2 dire elephants (Lair:8)
  A pale draconian (D:27)
  A black draconian (D:16)
  5 ettins
  7 deep elf death magi (Elf:3)
  3 red draconians (D:27)
  2 mottled draconians (D:27)
  6 dragons
  A minotaur (Lab)
  A death ooze (Slime:3)
  3 deep elf high priests
  33 vault guards
  47 yaktaur captains
  A siren (shapeshifter) (D:23)
  11 ironheart preservers
  A quicksilver dragon skeleton (D:24)
  Harold (Orc:4)
  8 great orbs of eyes
  An ice dragon (shapeshifter) (D:24)
  17 hydras
  3 ravenous feature mimics
  2 ice dragons
  Erica (D:11)
  8 alligators
  2 rakshasas
  An alligator (shapeshifter) (D:26)
  2 anacondas
  15 ogre magi
  7 deep troll earth magi
  19 dancing weapons
  37 centaur warriors
  5 deep troll shamans
  Urug (D:13)
  5 orc high priests
  2 sun demons
  A hell knight (D:16)
  5 death yaks (Lair:8)
  19 naga warriors
  3 very ugly things
  A fire crab (shapeshifter) (D:17)
  A water nymph (shapeshifter) (D:20)
  4 iron golems (WizLab)
  2 fire crabs
  A soul eater (Elf:3)
  A catoblepas (Lair:6)
  A titan skeleton (D:24)
  10 iron trolls
  A death drake (shapeshifter) (D:27)
  4 shadow wraiths
  10 skeletal warriors
  15 deep elf knights
  A death drake (D:27)
  5 unseen horrors
  4 spectral elves (Elf:3)
  5 flayed ghosts
  A lindwurm (shapeshifter) (Vaults:1)
  2 unseen horrors (shapeshifter)
  41 deep trolls
  A harpy (D:25)
  A wizard (Lair:8)
  A shadow dragon zombie (Vaults:3)
  32 orc knights
  8 giant amoebae
  11 ironbrand convokers
  4 necromancers
  13 hill giants
  2 lindwurms (D:16)
  Joseph (Lair:1)
  2 frost giant zombies
  A cyclops (shapeshifter) (D:25)
  9 cyclopes
  6 spiny worms
  6 red wasps
  A shadow dragon skeleton (D:24)
  10 deep elf conjurers
  9 orc sorcerers
  A sixfirhy (Elf:3)
  3 fire giant zombies
  A red wasp (shapeshifter) (Elf:2)
  4 phantasmal warriors
  6 wolf spiders
  5 stone giant zombies
  5 griffons
  A shining eye (Slime:3)
  A guardian serpent (Snake:4)
  4 fire giant skeletons
  4 elephants
  An iron dragon skeleton (D:24)
  3 stone golems (WizLab)
  Maurice (D:12)
  3 eyes of devastation
  3 deep elf summoners
  2 orange demons
  3 feature mimics
  21 stone giant skeletons
  A spiny frog (shapeshifter) (D:20)
  15 spiny frogs
  8 frost giant skeletons
  10 vault sentinels
  Psyche (Orc:4)
  17 black mambas
  5 fire drakes
  An efreet (D:16)
  A smoke demon (Lair:8)
  2 swamp worm zombies (Swamp:5)
  4 iron troll zombies
  2 small abominations (Elf:3)
  2 mermaids (shapeshifter)
  79 yaktaurs
  8 hellwings (Lair:8)
  9 komodo dragons
  10 naga magi
  A queen bee (shapeshifter) (Vaults:5)
  16 deep elf priests
  3 fire drakes (shapeshifter)
  2 jumping spiders (shapeshifter)
  An iron devil (Elf:3)
  A hydra zombie (Swamp:5)
  28 two-headed ogres
  A wind drake (shapeshifter) (Vaults:5)
  2 polar bears (Lair:6)
  A jumping spider (D:25)
  An iron troll skeleton (Vaults:2)
  A snapping turtle (shapeshifter) (D:17)
  2 komodo dragons (shapeshifter)
  14 boulder beetles
  11 trolls
  A troll (shapeshifter) (D:27)
  14 blink frogs
  4 giant leeches
  2 slime creatures (shapeshifter)
  2 harpy skeletons
  A giant leech (shapeshifter) (D:21)
  A red wasp zombie (D:24)
  A griffon zombie (D:15)
  A baby alligator (Swamp:1)
  3 brown oozes
  9 bog bodies
  A hydra skeleton (D:12)
  14 redbacks
  A trapdoor spider (shapeshifter) (D:27)
  A giant firefly (shapeshifter) (D:13)
  A grizzly bear (Lair:6)
  29 deep elf magi
  3 basilisks
  3 tarantellas
  A tarantella (shapeshifter) (D:24)
  48 slime creatures
  A grizzly bear (shapeshifter) (D:25)
  A spiny worm zombie (D:19)
  An air elemental (D:16)
  A guardian serpent skeleton (Abyss:1)
  39 yaks
  3 shadows
  2 vampires
  4 ettin skeletons
  A griffon skeleton (D:18)
  A stone giant simulacrum (D:23)
  A hill giant zombie (D:16)
  102 ugly things
  7 water elementals (D:17)
  3 elephant slugs
  2 sharks (D:17)
  A wraith (D:20)
  3 wyverns
  A hungry ghost (D:17)
  13 hippogriffs
  28 deep elf fighters
  A hell beast (Elf:3)
  4 manticores
  7 wolves
  5 clay golems (WizLab)
  5 rock worms
  27 swamp worms
  41 vampire mosquitoes
  A steam dragon (D:12)
  3 soldier ants
  2 deep troll zombies
  A necrophage (D:10)
  A deep troll skeleton (D:22)
  7 freezing wraiths
  2 mottled dragons
  56 orc warriors
  14 porcupines
  5 swamp drakes
  A kobold demonologist (D:19)
  85 nagas
  63 ogres
  7 giant goldfish
  10 ice beasts
  2 phantoms
  An ettin simulacrum (D:24)
  A sky beast (shapeshifter) (D:21)
  The ghost of mahrgell the Ruffian, an average NaTm (D:4)
  A swamp dragon zombie (Swamp:5)
  A black bear (Lair:2)
  4 sky beasts
  18 crocodiles
  46 centaurs
  Sigmund (D:6)
  4 brain worms
  A water moccasin (shapeshifter) (D:14)
  2 rotting devils
  9 wargs
  5 boring beetles
  12 giant slugs
  A big kobold (shapeshifter) (Vaults:4)
  Blork the orc (D:8)
  28 giant frogs
  34 water moccasins
  5 earth elementals (WizLab)
  4 gnoll sergeants
  A cyclops zombie (D:12)
  A giant slug zombie (D:19)
  22 insubstantial wisps
  A giant frog (shapeshifter) (Vaults:5)
  12 agate snails
  4 big kobolds
  3 yak zombies
  A glowing shapeshifter simulacrum (D:21)
  2 boulder beetle zombies
  22 killer bees
  A hippogriff zombie (D:12)
  3 eyes of draining
  11 wights
  6 jellyfish
  A yak skeleton (D:11)
  A fire crab simulacrum (D:15)
  2 troll skeletons (D:11)
  A goliath beetle (D:12)
  A lava fish (D:22)
  20 electric eels
  A fire bat (shapeshifter) (Vaults:5)
  A pulsating lump (shapeshifter) (Vaults:2)
  8 crimson imps
  2 boring beetle zombies
  A quasit (D:6)
  22 big fish
  A hound (shapeshifter) (Vaults:5)
  An iron imp (Elf:2)
  Crazy Yiuf (D:6)
  A basilisk zombie (D:15)
  37 orc priests
  A black bear zombie (D:4)
  9 hounds
  A giant frog skeleton (D:13)
  A gnoll shaman (D:8)
  36 orc wizards
  An orange rat (Elf:3)
  4 scorpions
  25 sheep
  8 worker ants
  2 big kobold zombies
  11 iguanas
  A brain worm zombie (D:12)
  9 boggarts
  14 jellies
  An ogre skeleton (D:4)
  A hound skeleton (D:6)
  36 gnolls
  A swamp drake zombie (Swamp:5)
  4 big fish zombies (Swamp:5)
  45 adders
  4 giant centipedes
  A white imp (Elf:2)
  2 giant mites
  A goliath beetle zombie (D:12)
  29 green rats
  2 shadow imps
  An ufetubus (D:21)
  13 worms
  An orc zombie (D:24)
  An adder zombie (D:7)
  8 giant eyeballs
  7 giant geckos
  6 oozes
  163 orcs
  2 bat skeletons
  A bat zombie (D:7)
  3 giant cockroaches
  24 goblins
  13 hobgoblins
  18 jackals
  2 ball pythons
  26 bats
  A giant gecko skeleton (D:8)
  5 giant newts
  A giant spore (D:11)
  A goblin zombie (D:5)
  3 illusory rakshasas (Vaults:2)
  37 kobolds
  8 quokkas
  20 rats
  A rat zombie (D:7)
  3 crawling corpses
  A fungus (Lair:1)
2721 creatures vanquished.

Vanquished Creatures (collateral kills)
  Maud (D:15)
  Gastronok (D:11)
  A purple draconian (D:15)
  Snorg (Swamp:4)
  A vault guard (Vaults:3)
  A great orb of eyes (D:16)
  2 hydras
  A death yak (Lair:8)
  2 orc high priests (Orc:4)
  2 alligators
  A sea snake (D:15)
  2 deep trolls (D:16)
  A swamp dragon (Swamp:3)
  A giant amoeba (D:21)
  Erolcha (D:11)
  An orc knight (Orc:4)
  A hill giant (D:15)
  A red wasp (D:19)
  A vault sentinel (Vaults:1)
  A fire giant skeleton (Vaults:1)
  2 trolls
  A red devil (Orc:4)
  A jumping spider (D:21)
  A giant leech (Swamp:1)
  11 slime creatures
  A baby alligator (Swamp:1)
  A bog body (Swamp:5)
  A boulder beetle (Lair:6)
  A wyvern (D:8)
  Grum (Orc:3)
  6 vampire mosquitoes
  A redback simulacrum (D:13)
  A hill giant skeleton (D:8)
  10 yaks
  A swamp worm (Swamp:1)
  2 wolves (Orc:3)
  A soldier ant (D:15)
  2 hippogriffs
  A kobold demonologist (D:16)
  A naga (Lair:3)
  A rotting devil (Orc:4)
  3 centaurs
  7 orc warriors
  A boring beetle (Lair:8)
  A crocodile (Lair:8)
  2 giant frogs
  An agate snail (D:20)
  2 water moccasins
  A wyvern zombie (D:9)
  2 insubstantial wisps
  4 killer bees (D:9)
  2 eyes of draining
  3 jellyfish
  A goliath beetle (D:6)
  2 hounds (D:8)
  4 orc priests
  A gnoll shaman (D:8)
  4 orc wizards
  2 worker ants
  A jelly (D:6)
  3 mummies
  4 gnolls
  6 green rats (Lair:8)
  An adder (Lair:4)
  A giant centipede (Lair:4)
  3 worms
  34 orcs
  2 bats
  A goblin (Orc:1)
  2 jackals
  A rat (Lair:4)
  A ballistomycete (D:11)
  A fungus (Lair:8)
176 creatures vanquished.

Vanquished Creatures (others)
  A tengu reaver (Vaults:4)
  A deep troll shaman (D:26)
  An unseen horror (D:18)
  An ironbrand convoker (Vaults:5)
  2 yaktaurs
  A water elemental (D:24)
  An air elemental (D:24)
  146 ice beasts
  A sky beast (D:7)
  An orc warrior (Vaults:5)
  An ogre (Vaults:4)
  A warg (D:21)
  2 water moccasins
  4 fulminant prisms
  An iguana (D:13)
  An adder (Snake:5)
  2 orcs (D:26)
  A quokka (D:2)
  A rat (Lair:3)
  7 fungi
  13 plants
190 creatures vanquished.

Grand Total: 3087 creatures vanquished

Notes
Turn   | Place    | Note
--------------------------------------------------------------
     0 | D:1      | JacquesDerrida, the Merfolk Ice Elementalist, began the quest for the Orb.
     0 | D:1      | Reached XP level 1. HP: 13/13 MP: 3/3
   307 | D:1      | Reached XP level 2. HP: 17/19 MP: 2/4
   821 | D:2      | Learned a level 2 spell: Throw Frost
  1021 | D:2      | Reached XP level 3. HP: 22/24 MP: 6/6
  1037 | D:2      | Found a white marble altar of Elyvilon.
  1416 | D:2      | Reached XP level 4. HP: 30/30 MP: 9/9
  1618 | D:3      | Reached skill level 4 in Ice Magic
  1633 | D:3      | Reached XP level 5. HP: 30/35 MP: 4/11
  1838 | D:3      | Learned a level 3 spell: Ozocubu's Armour
  2045 | D:3      | Reached skill level 5 in Ice Magic
  2145 | D:3      | Found a sparkling altar of Nemelex Xobeh.
  2145 | D:3      | Found a glowing golden altar of the Shining One.
  2385 | D:4      | Noticed mahrgell's ghost (average NaTm)
  2430 | D:4      | Killed mahrgell's ghost
  2430 | D:4      | Reached skill level 6 in Ice Magic
  2430 | D:4      | Reached XP level 6. HP: 36/41 MP: 0/13
  2572 | D:4      | Found a staircase to the Ecumenical Temple.
  2633 | Temple   | Entered the Ecumenical Temple
  2653 | Temple   | Became a worshipper of Ashenzari the Shackled
  2857 | D:4      | Found a deep blue altar of Sif Muna.
  2861 | D:4      | Found a burning altar of Makhleb.
  2861 | D:4      | Found a shimmering altar of Xom.
  2890 | D:4      | Noticed a phantom
  2924 | D:4      | Killed a phantom
  2924 | D:4      | Reached skill level 7 in Ice Magic
  2963 | D:4      | Reached skill level 1 in Conjurations
  2963 | D:4      | Reached XP level 7. HP: 22/46 MP: 12/15
  3125 | D:5      | Entered Level 5 of the Dungeon
  3420 | D:5      | Got the uncursed leather armour of the Leaf {rC+}
  3434 | D:5      | Identified the +2 leather armour of the Leaf {rC+} (You found it on level 5 of the Dungeon)
  3459 | D:5      | Found Ocviwk's Assorted Antiques.
  3937 | D:6      | Reached XP level 8. HP: 47/52 MP: 11/18
  3975 | D:6      | Learned a level 4 spell: Summon Ice Beast
  3994 | D:6      | Noticed a hippogriff
  4007 | D:6      | Killed a hippogriff
  4007 | D:6      | Reached skill level 5 in Spellcasting
  4007 | D:6      | Reached skill level 1 in Summonings
  4669 | D:6      | Noticed Crazy Yiuf
  4680 | D:6      | Killed Crazy Yiuf
  4807 | D:6      | Reached XP level 9. HP: 41/57 MP: 20/22
  5257 | D:7      | Paralysed by a giant eyeball for 2 turns
  5263 | D:7      | Paralysed by a giant eyeball for 2 turns
  5299 | D:7      | Found a snail-covered altar of Cheibriados.
  5554 | D:7      | Reached skill level 5 in Conjurations
  6110 | D:8      | Learned a level 4 spell: Throw Icicle
  6155 | D:8      | Reached skill level 8 in Spellcasting
  6229 | D:8      | Noticed Blork the orc
  6238 | D:8      | Killed Blork the orc
  6579 | D:8      | Reached XP level 10. HP: 47/63 MP: 19/25
  7122 | D:8      | Found Siankiof's General Store.
  7148 | D:8      | Bought a scroll of recharging for 77 gold pieces
  7148 | D:8      | Bought a scroll of identify for 28 gold pieces
  7235 | D:9      | Reached skill level 9 in Spellcasting
  7581 | D:9      | Reached skill level 1 in Polearms
  7797 | D:10     | Entered Level 10 of the Dungeon
  7806 | D:10     | Reached skill level 5 in Polearms
  8076 | D:10     | Learned a level 4 spell: Condensation Shield
  8516 | D:11     | Found a sparkling altar of Nemelex Xobeh.
  8559 | D:11     | Noticed a hill giant
  8568 | D:11     | Killed a hill giant
  8568 | D:11     | Reached XP level 11. HP: 55/68 MP: 10/27
  8590 | D:11     | Noticed Gastronok
  8896 | D:11     | Noticed Erolcha
  9056 | D:11     | Gained mutation: You are somewhat resistant to further mutation. [potion of mutation]
  9056 | D:11     | Gained mutation: You passively map a small area around you. [potion of mutation]
  9056 | D:11     | Gained mutation: Your muscles are flexible, but weak (Str -1, Dex +1). [potion of mutation]
  9057 | D:11     | Paralysed by a potion of paralysis for 7 turns
  9118 | D:11     | Killed Erolcha
  9328 | D:11     | Killed Gastronok
  9546 | D:11     | Noticed Erica
  9590 | D:11     | Killed Erica
  9745 | D:11     | Paralysed by a giant eyeball for 2 turns
  9748 | D:11     | Paralysed by a giant eyeball for 3 turns
  9978 | D:12     | Noticed a centaur warrior
 10015 | D:12     | Reached skill level 10 in Spellcasting
 10294 | D:12     | Killed a centaur warrior
 10294 | D:12     | Reached skill level 10 in Ice Magic
 10755 | D:12     | Noticed a hill giant
 10761 | D:12     | Killed a hill giant
 10886 | D:12     | Noticed Maurice
 11200 | D:12     | Reached XP level 12. HP: 65/74 MP: 26/29
 11260 | D:12     | Killed Maurice
 11360 | D:13     | Noticed Urug
 11382 | D:13     | Killed Urug
 11382 | D:13     | Reached skill level 11 in Ice Magic
 12666 | D:13     | Reached skill level 12 in Ice Magic
 12937 | D:13     | Paralysed by a giant eyeball for 4 turns
 13049 | D:13     | Found a staircase to the Lair.
 13134 | Lair:1   | Entered Level 1 of the Lair of Beasts
 13207 | Lair:1   | Noticed an eight-headed hydra
 13504 | D:14     | Entered Level 14 of the Dungeon
 14057 | D:14     | Found a frozen archway.
 14096 | IceCv    | Entered an ice cave
 14096 | IceCv    | Acquired Ashenzari's first power
 15088 | D:14     | Reached skill level 10 in Conjurations
 15623 | D:14     | Got the bow "Psoucif" {flame, Str+1 Int+4}
 15724 | D:14     | Reached XP level 13. HP: 79/79 MP: 31/31
 15864 | D:15     | Entered Level 15 of the Dungeon
 16469 | Lair:1   | Killed a one-headed hydra
 16920 | Lair:1   | Noticed Joseph
 17021 | Lair:1   | Killed Joseph
 17223 | Lair:2   | Upgraded the game from 0.13-a0-2484-gc765b08 to 0.13-a0-2485-g242ae62
 19445 | Lair:3   | Found a staircase to the Swamp.
 20409 | Lair:3   | Reached skill level 13 in Ice Magic
 20928 | Lair:3   | Found a staircase to the Snake Pit.
 21128 | Lair:4   | Found a labyrinth entrance.
 21136 | Lab      | Entered a labyrinth
 21613 | Lab      | Noticed a minotaur
 21657 | Lab      | Killed a minotaur
 21690 | Lab      | Got the cursed robe of Wuon {Str+1 Dex+2 Int+3}
 21690 | Lab      | Got an uncursed flickering ruby amulet
 21690 | Lab      | Identified the ring of the Stars {+Blink +Inv rF- rN+ Dex+2 Int+4} (You found it in a labyrinth)
 21694 | Lab      | Identified the cursed -2 robe of Wuon {Str+1 Dex+2 Int+3} (You found it in a labyrinth)
 21695 | Lab      | Identified the amulet of Coronation {rMut Str-3 Int-3} (You found it in a labyrinth)
 22095 | Lair:3   | Learned a level 4 spell: Iskenderun's Mystic Blast
 22184 | Lair:4   | Noticed Rycklaryybbe's ghost (powerful DrMo)
 23092 | Lair:5   | Reached XP level 14. HP: 85/85 MP: 26/32
 23205 | Lair:5   | Reached skill level 5 in Dodging
 23818 | Lair:6   | Found a staircase to the Slime Pits.
 25252 | Lair:6   | Reached skill level 1 in Fighting
 25707 | Lair:1   | Identified a +3 rod of demonology (14/14) (You found it in a labyrinth)
 25962 | D:6      | Noticed Sigmund
 25963 | D:6      | Killed Sigmund
 25981 | D:6      | Found a staircase to the Orcish Mines.
 26106 | Orc:1    | Entered Level 1 of the Orcish Mines
 26186 | Orc:1    | Found a flagged portal.
 26200 | Bailey   | Entered a bailey
 26547 | Bailey   | Reached skill level 10 in Polearms
 26731 | Bailey   | Lost mutation: Your muscles are flexible, but weak (Str -1, Dex +1). [potion of cure mutation]
 26731 | Bailey   | Lost mutation: You passively map a small area around you. [potion of cure mutation]
 26731 | Bailey   | Lost mutation: You are somewhat resistant to further mutation. [potion of cure mutation]
 28061 | Orc:3    | Found a staircase to the Elven Halls.
 28629 | Orc:4    | Entered Level 4 of the Orcish Mines
 28629 | Orc:4    | Noticed Grum
 28852 | Orc:3    | Killed Grum
 28957 | Orc:4    | Noticed Psyche
 28967 | Orc:4    | Killed Psyche
 29218 | Orc:4    | Noticed Harold
 29226 | Orc:4    | Killed Harold
 30798 | Orc:4    | Found Siyg's General Store.
 31059 | Orc:4    | Found Othrur's Armour Shoppe.
 31070 | Orc:4    | Found Khiroid's Antique Weapon Boutique.
 31074 | Orc:4    | Found Jeeforat's Armour Boutique.
 31085 | Orc:4    | Bought a scroll of identify for 34 gold pieces
 32088 | Lair:4   | Learned a level 2 spell: Swiftness
 32090 | Lair:4   | Learned a level 1 spell: Apportation
 32761 | Lair:6   | Reached skill level 5 in Fighting
 33697 | Lair:7   | Reached XP level 15. HP: 101/101 MP: 28/33
 33790 | Lair:7   | Learned a level 2 spell: Corpse Rot
 33886 | Lair:7   | Acquired Ashenzari's second power
 34122 | Lair:7   | Got the quarterstaff of Popular Demand {holy, rF+}
 34123 | Lair:7   | Identified the +2,+0 quarterstaff of Popular Demand {holy, rF+} (You found it on level 7 of the Lair of Beasts)
 34520 | Lair:8   | Entered Level 8 of the Lair of Beasts
 34758 | Lair:8   | Reached skill level 10 in Dodging
 34792 | Lair:8   | Got the cursed dire flail "Vueroar" {freeze, +Rage}
 34795 | Lair:8   | Identified the cursed +5,-2 dire flail "Vueroar" {freeze, +Rage} (You found it on level 8 of the Lair of Beasts)
 36783 | Lair:8   | Found a burning altar of Makhleb.
 38000 | Lair:8   | Found a gateway to Hell.
 38876 | D:15     | Found Muil Nanlimp's Antique Armour Shop.
 38883 | D:15     | Bought a faintly humming chain mail for 512 gold pieces
 38884 | D:15     | Identified the +0 chain mail "Tiehued" {rC++ Int+2} (You bought it in a shop on level 15 of the Dungeon)
 39335 | D:14     | Reached skill level 1 in Charms
 39696 | D:15     | Reached skill level 14 in Ice Magic
 39976 | D:16     | Noticed Maud
 40159 | D:15     | Killed Maud
 41602 | Lair:1   | Upgraded the game from 0.13-a0-2485-g242ae62 to 0.13-a0-2496-g11650dd
 41678 | Swamp:1  | Entered Level 1 of the Swamp
 42310 | Swamp:1  | Reached XP level 16. HP: 66/111 MP: 34/34
 43302 | Swamp:2  | Paralysed by a red wasp for 1 turns
 43567 | Swamp:2  | Noticed a tentacled monstrosity
 43634 | Swamp:3  | Identified the Almanac of Air (You found it on level 3 of the Swamp)
 43753 | Swamp:3  | stonewall: Привет!
 43753 | Swamp:3  | JacquesDerrida: Йоу!
 43753 | Swamp:3  | JacquesDerrida: Последние новости
 43753 | Swamp:3  | JacquesDerrida: кравель УСТАРЕД
 43753 | Swamp:3  | JacquesDerrida: D: D: D:
 43753 | Swamp:3  | JacquesDerrida: СТАРЫЙ ДЕД
 43754 | Swamp:3  | stonewall: Breaking news
 43794 | Swamp:3  | stonewall: О, у тебя взлетает ледяной мерфолк
 43889 | Swamp:3  | stonewall: А как голод со спеллов?
 43889 | Swamp:3  | JacquesDerrida: Не очень
 43889 | Swamp:3  | JacquesDerrida: Плохо
 43889 | Swamp:3  | JacquesDerrida: Ленюсь и жру
 43889 | Swamp:3  | JacquesDerrida: А заклинаний нет
 43889 | Swamp:3  | JacquesDerrida: (((
 43891 | Swamp:3  | stonewall: Я помню раньше ледяное облако было
 43895 | Swamp:3  | stonewall: Кажется
 43907 | Swamp:3  | stonewall: У ледяных магов
 43939 | Swamp:3  | stonewall: А у меня взлетела мумия-вандерер-ассассин
 44048 | Swamp:3  | JacquesDerrida: Мумия жэ!
 44048 | Swamp:3  | JacquesDerrida: Кастуй шторм!
 44056 | Swamp:3  | Reached skill level 15 in Polearms
 44063 | Swamp:3  | stonewall: Пойду кофе скастую
 44080 | Swamp:3  | stonewall: Дождь льет уже третий день
 44082 | Swamp:3  | JacquesDerrida: Да
 44082 | Swamp:3  | stonewall: Все парализовано
 44082 | Swamp:3  | JacquesDerrida: У нас уже все
 44082 | Swamp:3  | JacquesDerrida: Но холодно
 44082 | Swamp:3  | stonewall: Апокалипсис сегодня
 44093 | Swamp:3  | JacquesDerrida: А че парализовано
 44093 | Swamp:3  | JacquesDerrida: У нас всегда дождь
 44093 | Swamp:3  | JacquesDerrida: Все ок
 44106 | Swamp:3  | stonewall: Питер?
 44202 | Swamp:3  | JacquesDerrida: Конечно
 44203 | Swamp:3  | stonewall: Здорово
 44241 | Swamp:3  | stonewall: Как же мне претит идея проходить болото без полета
 44241 | Swamp:3  | JacquesDerrida: Да, убогонько
 44241 | Swamp:3  | JacquesDerrida: А выбора нет
 44241 | Swamp:3  | JacquesDerrida: В данжоне дип тролли
 44241 | Swamp:3  | JacquesDerrida: И всякие такие
 44241 | Swamp:3  | JacquesDerrida: Страшна!
 44241 | Swamp:3  | stonewall: О, у меня сегодня новая концовка лейра была
 44241 | Swamp:3  | JacquesDerrida: Облачко нужно
 44241 | Swamp:3  | stonewall: Десуяки, тролль-шаман и два василиска
 44241 | Swamp:3  | JacquesDerrida: Это какая-то шутка, наверное
 44241 | Swamp:3  | stonewall: Хе-хе
 44241 | Swamp:3  | JacquesDerrida: Но кто знает
 44243 | Swamp:3  | stonewall: Почему шутка?
 44249 | Swamp:3  | stonewall: Тролль тонковат
 44249 | Swamp:3  | JacquesDerrida: блендс виз сурраундингс
 44249 | Swamp:3  | JacquesDerrida: D:
 44285 | Swamp:3  | stonewall: О, ледяной щит
 44293 | Swamp:3  | JacquesDerrida: Da
 44293 | Swamp:3  | stonewall: Приколько
 44293 | Swamp:3  | JacquesDerrida: Без брони нужно использовать все
 44293 | Swamp:3  | stonewall: но*
 44293 | Swamp:3  | stonewall: Почти как два баклера
 44293 | Swamp:3  | JacquesDerrida: Чета теперь даже ринг мейл отменяет айс армор
 44293 | Swamp:3  | JacquesDerrida: Надо будет потом перекачать их полеармов в магию
 44293 | Swamp:3  | JacquesDerrida: Или наоборот
 44541 | Swamp:4  | stonewall: А ты хочешь айс шторм?
 44694 | Swamp:4  | Noticed TZer0's ghost (mighty DjBe)
 44694 | Swamp:4  | stonewall: АДМИН
 44694 | Swamp:4  | JacquesDerrida: Не знаю, может шторм
 44694 | Swamp:4  | JacquesDerrida: Я только бердыш чопинга находил
 44694 | Swamp:4  | stonewall: К слову, о призраках
 44695 | Swamp:4  | stonewall: Сегодня в айс кейве был огненный элементалист
 44695 | Swamp:4  | stonewall: Почему они такие тупые
 44695 | Swamp:4  | JacquesDerrida: сасцептбле ту колд
 44695 | Swamp:4  | stonewall: Странно
 44695 | Swamp:4  | JacquesDerrida: бл
 44695 | Swamp:4  | stonewall: Призрак же
 44699 | Swamp:4  | stonewall: А, это же джинн
 44703 | Swamp:4  | stonewall: Ого
 44703 | Swamp:4  | stonewall: Дамажит
 44711 | Swamp:4  | Killed TZer0's ghost
 44755 | Swamp:4  | stonewall: Интересно вот, каково встретить джинна будучи FE
 44846 | Swamp:4  | JacquesDerrida: Нужно вспоминать все, чему научил зигмунд
 44973 | Swamp:4  | JacquesDerrida: Книга айса
 44973 | Swamp:4  | JacquesDerrida: Обязана быть
 44989 | Swamp:4  | stonewall: Книга вечеринки
 44990 | Swamp:4  | JacquesDerrida: (((
 44990 | Swamp:4  | stonewall: Что за
 44990 | Swamp:4  | stonewall: Searing ray
 44990 | Swamp:4  | stonewall: Магия
 44990 | Swamp:4  | JacquesDerrida: ужс кокой
 44998 | Swamp:4  | Learned a level 2 spell: Searing Ray
 44998 | Swamp:4  | stonewall: Хрень какая-то
 45003 | Swamp:4  | Learned a level 4 spell: Iskenderun's Battlesphere
 45009 | Swamp:4  | Learned a level 5 spell: Fulminant Prism
 45016 | Swamp:4  | stonewall: Лучше б файтерам что-нибудь сделали
 45061 | Swamp:4  | stonewall: Дуал-виелдинг кинжалов, например
 45064 | Swamp:4  | stonewall: У меня как раз два +10 :)
 45064 | Swamp:4  | JacquesDerrida: Найс
 45064 | Swamp:4  | JacquesDerrida: Теперь этой мое любимое заклинание
 45064 | Swamp:4  | JacquesDerrida: Главное, чтобы еще на куски разрывало....
 45064 | Swamp:4  | JacquesDerrida: Давно пора файтерам чета сделать
 45064 | Swamp:4  | JacquesDerrida: А то как не родные...
 45064 | Swamp:4  | JacquesDerrida: Хе-хе
 45077 | Swamp:4  | JacquesDerrida: Надо взорвать
 45080 | Swamp:4  | stonewall: Кстати, о файтерах, я ту мумию с плутониевым мечом положил с 15 рунами, лол
 45080 | Swamp:4  | JacquesDerrida: (((
 45080 | Swamp:4  | JacquesDerrida: И как меч
 45080 | Swamp:4  | JacquesDerrida: Клеви жэ
 45080 | Swamp:4  | stonewall: Неплох
 45084 | Swamp:4  | JacquesDerrida: Сложно с этим управиться
 45088 | Swamp:4  | stonewall: Магия...
 45092 | Swamp:4  | stonewall: Опасно
 45092 | Swamp:4  | JacquesDerrida: Хе-хе
 45096 | Swamp:4  | stonewall: А, ты ж пловец
 45096 | Swamp:4  | JacquesDerrida: А толку
 45096 | Swamp:4  | JacquesDerrida: Сопля тоже
 45099 | Swamp:4  | stonewall: У нее нет буста в воде
 45100 | Swamp:4  | JacquesDerrida: Ой котейка за дверью плачет
 45100 | Swamp:4  | JacquesDerrida: Пойду впущу!!
 45100 | Swamp:4  | JacquesDerrida: Расстроенная(((
 45103 | Swamp:4  | Reached skill level 16 in Polearms
 45105 | Swamp:4  | JacquesDerrida: О
 45105 | Swamp:4  | JacquesDerrida: Сфера работает с фризом
 45105 | Swamp:4  | JacquesDerrida: Наес
 45229 | Swamp:4  | JacquesDerrida: Вай
 45240 | Swamp:4  | JacquesDerrida: Ничего не надо делать, а все есть
 45455 | Swamp:5  | Entered Level 5 of the Swamp
 45465 | Swamp:4  | Noticed Snorg
 45480 | Swamp:4  | Killed Snorg
 45480 | Swamp:4  | Reached skill level 1 in Air Magic
 46215 | Swamp:5  | Reached skill level 1 in Armour
 46405 | Swamp:5  | Acquired Ashenzari's third power
 46424 | Swamp:5  | JacquesDerrida: Блин
 46424 | Swamp:5  | JacquesDerrida: Похоже, все же придется перекачать
 46424 | Swamp:5  | JacquesDerrida: Опыт из полеармов
 46424 | Swamp:5  | JacquesDerrida: D: D: D:
 46473 | Swamp:5  | stonewall: Что это за чудище
 46474 | Swamp:5  | stonewall: А, та болотная дрянь
 46474 | Swamp:5  | JacquesDerrida: Сортирная мумия
 46474 | Swamp:5  | stonewall: Кошмар
 46475 | Swamp:5  | JacquesDerrida: вау
 46475 | Swamp:5  | stonewall: У мумии и то больше, лол
 46475 | Swamp:5  | JacquesDerrida: С каких пор лезер армор не дает буст к навыку брони
 46475 | Swamp:5  | stonewall: Армора
 46475 | Swamp:5  | JacquesDerrida: D: D: D:
 46475 | Swamp:5  | stonewall: А никогда не давал
 46475 | Swamp:5  | stonewall: И MDA тоже, кажется
 46475 | Swamp:5  | JacquesDerrida: Тяжелее ничего нельзя
 46475 | Swamp:5  | JacquesDerrida: Ну только если мда, да
 46475 | Swamp:5  | JacquesDerrida: Если найду резисты
 46475 | Swamp:5  | JacquesDerrida: И то я не знаю ссколько у мда
 46475 | Swamp:5  | runewalsh: Эм, привет. Вехумет полностью себя оправдал, но я всё равно абсолютно бездарно слился в Абиссе, увлёкшись зачисткой эльфов:3. Меня ослепила мощь свежеполученных конжуров, больше этой ошибки я не повторю.
 46475 | Swamp:5  | JacquesDerrida: Эльфов нужно убивать тихо и подло
 46475 | Swamp:5  | runewalsh: Алсо, та броня из магазина была ключом к трове двумя этажами ниже :'-(
 46475 | Swamp:5  | JacquesDerrida: 4
 46475 | Swamp:5  | JacquesDerrida: ))))
 46475 | Swamp:5  | JacquesDerrida: Смешно
 46475 | Swamp:5  | JacquesDerrida: Я бы не отдал
 46475 | Swamp:5  | JacquesDerrida: Это ж пездец весенье
 46475 | Swamp:5  | JacquesDerrida: пда за 1600
 46475 | Swamp:5  | JacquesDerrida: За 1300 даже
 46478 | Swamp:5  | stonewall: У меня тров просит +5 +5 кнут
 46479 | Swamp:5  | JacquesDerrida: Это по-божески
 46479 | Swamp:5  | JacquesDerrida: пда -- жестоко
 46480 | Swamp:5  | stonewall: Ну как по божески, хочется блоуган заточить
 46480 | Swamp:5  | JacquesDerrida: Ну там много не надо
 46482 | Swamp:5  | stonewall: enchant III еще не распознал
 46484 | Swamp:5  | stonewall: Думаю на кнут и оставлю
 46490 | Swamp:5  | runewalsh: Я так и делал, но эээээээээээээээ в общем Бездна с колечком телепорта превращается в спокойную прогулку, так вот, я решил, что так неинтересно, и превратился в мышку, разменяв все средства к выживанию на одну лишь скорость. Последствия предсказуемы.
 46501 | Swamp:5  | JacquesDerrida: Скорости достаточно
 46610 | Swamp:5  | stonewall: А мне новая бездна кажется легче старой, там теперь нет ни личей, ни фиендов
 46610 | Swamp:5  | JacquesDerrida: Личи есть
 46610 | Swamp:5  | JacquesDerrida: Но не древние
 46610 | Swamp:5  | JacquesDerrida: Древние в волтах
 46610 | Swamp:5  | stonewall: А, ну может быть
 46610 | Swamp:5  | stonewall: Но фиендов точно нет
 46610 | Swamp:5  | JacquesDerrida: А финды, понятно, из спеллов личей...
 46618 | Swamp:5  | stonewall: Негарантированные
 46656 | Swamp:5  | JacquesDerrida: Ой
 46656 | Swamp:5  | JacquesDerrida: Тут андеды(((
 46658 | Swamp:5  | stonewall: Я уже два раза подряд спасался из бездны 10-11-уровневой мумией
 46670 | Swamp:5  | stonewall: А раньше обычно встречал какого-нибудь палача и шансов не было вообще
 46670 | Swamp:5  | JacquesDerrida: Да
 46670 | Swamp:5  | JacquesDerrida: И я
 46670 | Swamp:5  | JacquesDerrida: Тут дес дрейки будут
 46670 | Swamp:5  | JacquesDerrida: ((((
 46679 | Swamp:5  | stonewall: Живопроблемы
 46700 | Swamp:5  | stonewall: Пойду роутер включу, провод уже надоел выпадать из штекера :/
 46797 | Swamp:5  | JacquesDerrida: щииииет
 46801 | Swamp:5  | Noticed a bone dragon
 46801 | Swamp:5  | JacquesDerrida: оу фак ю олрайт
 46801 | Swamp:5  | stonewall: Оп-па
 46801 | Swamp:5  | JacquesDerrida: Да
 46801 | Swamp:5  | stonewall: Почему я раздвоился
 46801 | Swamp:5  | JacquesDerrida: Два она...
 46804 | Swamp:5  | JacquesDerrida: Щииииет
 46804 | Swamp:5  | stonewall: А мне нравится этот ваулт
 46835 | Swamp:5  | JacquesDerrida: Холи ворд
 46835 | Swamp:5  | stonewall: Хотя с облаком геморройно, да
 46835 | Swamp:5  | JacquesDerrida: Через стену не пройдет?
 46835 | Swamp:5  | JacquesDerrida: Под скраем
 46835 | Swamp:5  | stonewall: Нет конечно
 46835 | Swamp:5  | stonewall: L)
 46835 | Swamp:5  | JacquesDerrida: (((
 46840 | Swamp:5  | stonewall: Забей, потом вернешься
 46846 | Swamp:5  | JacquesDerrida: Всех пабидю
 47032 | Swamp:5  | JacquesDerrida: Нипанятна
 47035 | Swamp:5  | stonewall: Интересно вот, почему за мумию так редко играют
 47037 | Swamp:5  | JacquesDerrida: Слишком просто
 47037 | Swamp:5  | JacquesDerrida: D: D: D:
 47072 | Swamp:5  | stonewall: Местами да
 47203 | Swamp:2  | stonewall: А иногда просто импоссубуру
 47218 | Swamp:2  | Killed a tentacled monstrosity
 47518 | Swamp:2  | stonewall: Кожанка огня? :)
 47518 | Swamp:2  | JacquesDerrida: Конечно
 47518 | Swamp:2  | JacquesDerrida: Лучше ничего нет
 47518 | Swamp:2  | JacquesDerrida: Да и не будет
 47532 | Swamp:2  | stonewall: Пожалуй только драконья кожанка огня
 47539 | Swamp:2  | JacquesDerrida: А толку
 47539 | Swamp:2  | JacquesDerrida: Мне нужен айси армор
 47541 | Swamp:2  | stonewall: Зачем?
 47543 | Swamp:2  | JacquesDerrida: Чтобы не обидно за скилл было...
 47552 | Swamp:2  | Psiweapon: sup folks
 47577 | Swamp:2  | stonewall: hello there
 47577 | Swamp:2  | JacquesDerrida: С чем суп?
 47663 | Swamp:2  | Noticed Wiglaf
 47664 | Swamp:2  | Psiweapon: "what's up"
 47665 | Swamp:2  | JacquesDerrida: ноу шит
 47674 | Swamp:2  | stonewall: wiglaf's upgrade is completed
 47688 | Swamp:2  | Psiweapon: kill it with ice!
 47699 | Swamp:2  | stonewall: with unfair kiting
 47708 | Swamp:2  | Killed Wiglaf
 47740 | Swamp:2  | JacquesDerrida: yeah nah
 47748 | Swamp:2  | JacquesDerrida: Третий святой меч
 47794 | Swamp:2  | JacquesDerrida: Книга льда
 47794 | Swamp:2  | JacquesDerrida: Обяза быть
 47807 | Swamp:2  | stonewall: well
 47807 | Swamp:2  | JacquesDerrida: )))
 47807 | Swamp:2  | Psiweapon: have fun!
 47807 | Swamp:2  | JacquesDerrida: щииииет
 48203 | D:16     | Noticed a fire giant
 48203 | D:16     | Noticed a lich
 48203 | D:16     | Noticed a shadow dragon
 48203 | D:16     | Noticed a hellephant
 48203 | D:16     | JacquesDerrida: Как страшно жыть
 48203 | D:16     | JacquesDerrida: Вау
 48203 | D:16     | JacquesDerrida: Вермбейн
 48203 | D:16     | JacquesDerrida: Даже не знаю
 48203 | D:16     | JacquesDerrida: Для зота только ок
 48203 | D:16     | stonewall: Ого
 48203 | D:16     | stonewall: Вот это везение
 48203 | D:16     | stonewall: Найти эту фигню именно на мерфолке
 48203 | D:16     | stonewall: Мама
 48203 | D:16     | JacquesDerrida: Ага
 48203 | D:16     | JacquesDerrida: Везение)))
 48203 | D:16     | JacquesDerrida: Жутики
 48203 | D:16     | JacquesDerrida: Копье +16
 48203 | D:16     | JacquesDerrida: Это разве хорошо
 48216 | D:17     | stonewall: Ну, кто-то с ним игру проходил
 48783 | D:17     | Noticed Nessos
 49181 | D:17     | stonewall: А весело болотце под хаус проходить
 49182 | D:17     | JacquesDerrida: Под хаус все грустно
 49182 | D:17     | JacquesDerrida: (((
 49182 | D:17     | stonewall: Орли?
 49182 | D:17     | JacquesDerrida: Да
 49182 | D:17     | stonewall: Значит у меня нарушено восприятие
 49182 | D:17     | JacquesDerrida: Хаус вообще тупое музло
 49182 | D:17     | stonewall: Конечно тупое
 49182 | D:17     | JacquesDerrida: Забрать из фанка лучшее
 49182 | D:17     | JacquesDerrida: Оставить глухой снейр
 49182 | D:17     | stonewall: Но сердцу не прикажешь
 49182 | D:17     | JacquesDerrida: И растянуть на 8 минут
 49182 | D:17     | JacquesDerrida: Ну че это такое
 49182 | D:17     | JacquesDerrida: Максмиллион донбар -- лучше, что с ним полисходило
 49182 | D:17     | JacquesDerrida: Хе-хе
 49232 | D:17     | stonewall: Ну у меня не совсем чистый хаус, вообще какое-то чудо от мира музыки
 49237 | D:17     | stonewall: Но нраица
 49493 | D:17     | Identified the +1 robe of Oblivion {Dex+4}
 49700 | D:17     | Found a viscous altar of Jiyva.
 49723 | D:17     | JacquesDerrida: жыва
 50026 | D:17     | Reached XP level 17. HP: 92/116 MP: 9/36
 50089 | D:17     | stonewall: Зацени какая у меня концовка болот
 50365 | Snake:1  | Entered Level 1 of the Snake Pit
 50560 | Snake:2  | Found Kaumatuq's Gadget Shop.
 50608 | Snake:2  | Found Muitahoo's Antique Weapon Shop.
 50616 | Snake:2  | Bought a runed lajatang for 680 gold pieces
 50616 | Snake:2  | Bought a bloodstained glaive for 357 gold pieces
 50616 | Snake:2  | Identified the +8,+1 glaive of Strienamo {slay drac, Dex+4} (You bought it in a shop on level 2 of the Snake Pit)
 50730 | Snake:2  | Found a glowing silver altar of Zin.
 50753 | Snake:2  | Found Ownaot's Food Shop.
 50760 | Snake:2  | Bought a bread ration for 40 gold pieces
 50760 | Snake:2  | Bought a bread ration for 40 gold pieces
 50760 | Snake:2  | Bought a meat ration for 40 gold pieces
 50819 | Snake:2  | Found Zad Mewkener's Armour Shoppe.
 50828 | Snake:2  | Bought a +0 cloak of preservation for 93 gold pieces
 51525 | Snake:3  | Learned a level 3 spell: Regeneration
 51657 | Snake:3  | Found Maefan's Jewellery Emporium.
 52050 | Snake:3  | Acquired Ashenzari's fourth power
 52488 | Snake:4  | Got the uncursed cloak "Promnaimn" {rElec Dex+2}
 52882 | Snake:4  | stonewall: Ну как тебе змейки?
 52884 | Snake:4  | stonewall: inb4: концовка с саламандрами
 52884 | Snake:4  | JacquesDerrida: Со сферой очень просто
 52890 | Snake:4  | stonewall: А меня банишнуло слегка
 53449 | Snake:4  | stonewall: Отомстил за баниш
 53826 | Snake:5  | Entered Level 5 of the Snake Pit
 54249 | Snake:5  | Identified the +4 cloak "Promnaimn" {rElec Dex+2} (You found it on level 4 of the Snake Pit)
 55717 | Snake:5  | stonewall: Кнут даже не знаю на сколько заточен
 55720 | Snake:5  | stonewall: Свитков нет
 55759 | Snake:5  | JacquesDerrida: ЧОМУ
 55759 | Snake:5  | JacquesDerrida: А я умер почти два раза
 55759 | Snake:5  | JacquesDerrida: хе-хе
 55871 | Snake:5  | stonewall: Я щас видес как у тебя осталось 4 хп
 55875 | Snake:5  | stonewall: Несколько раз
 55877 | Snake:5  | stonewall: В ускоренном режиме все
 55877 | Snake:5  | JacquesDerrida: Кноки жамкаю нещадно
 55877 | Snake:5  | stonewall: Круто, кстати
 55880 | Snake:5  | stonewall: Под музыку
 56151 | Snake:5  | JacquesDerrida: Оу фак ю
 56151 | Snake:5  | stonewall: Это что
 56151 | Snake:5  | stonewall: Рандом телепорт?
 56173 | Snake:5  | JacquesDerrida: Да
 56173 | Snake:5  | JacquesDerrida: Спасибо наге
 56173 | Snake:5  | stonewall: Опасно
 56173 | Snake:5  | JacquesDerrida: Так лениво их чистить без облак
 56173 | Snake:5  | JacquesDerrida: Все дерьмо уже нашел
 56173 | Snake:5  | JacquesDerrida: Кроме облака
 56221 | Snake:5  | stonewall: Да ты уже почти закончил
 56296 | Snake:5  | Yermak: Что с мумией?
 56308 | Snake:5  | stonewall: Отдыхаю пока
 56376 | Snake:5  | stonewall: Эльфов прошел
 56439 | Snake:5  | JacquesDerrida: Хм
 56439 | Snake:5  | JacquesDerrida: Хотя трайдент это так себе
 56457 | Snake:5  | stonewall: Угу
 56597 | Snake:5  | stonewall: А какой у тебя MR?
 56689 | Snake:5  | JacquesDerrida: Ацтойный
 56689 | Snake:5  | JacquesDerrida: Кстати, жа
 56690 | Snake:5  | JacquesDerrida: Теперь ок
 56700 | Snake:5  | stonewall: О, этот кинжал
 56705 | Snake:5  | stonewall: Вроде анрандартный?
 56706 | Snake:5  | JacquesDerrida: конечно
 57136 | Snake:5  | JacquesDerrida: Как же они заебали
 57145 | Snake:5  | stonewall: Туман?
 57146 | Snake:5  | stonewall: А, уже все
 57425 | Snake:5  | stonewall: Классная у тебя ювелирка в этой партии
 57425 | Snake:5  | JacquesDerrida: Мейл тоже ок
 57425 | Snake:5  | JacquesDerrida: Но лучше резистов бы
 57425 | Snake:5  | stonewall: Можно 60EV сделать мерфолку
 57425 | Snake:5  | JacquesDerrida: Толку нет
 57425 | Snake:5  | stonewall: Заскринить и отправить в Сам себе режиссер
 57432 | Snake:5  | stonewall: А вам слабо?
 57496 | Snake:3  | JacquesDerrida: Что бы купить...
 57496 | Snake:3  | stonewall: Гурман
 57496 | Snake:3  | JacquesDerrida: Но зачем
 57496 | Snake:3  | JacquesDerrida: Еды все равно дофига
 57496 | Snake:3  | Bought the brooch of Shielding {Ward AC+4 EV+4} for 659 gold pieces
 57580 | Snake:2  | Bought a bread ration for 40 gold pieces
 57580 | Snake:2  | Bought a bread ration for 40 gold pieces
 57580 | Snake:2  | Bought a meat ration for 40 gold pieces
 58559 | Snake:5  | Got a serpentine rune of Zot
 59247 | D:16     | stonewall: I - the +0 leather armour "Dapal" {rF+ MR++ Dex+3 Acc+4}
 59248 | D:16     | JacquesDerrida: D: D: D:
 59248 | D:16     | JacquesDerrida: Ловлю!
 59251 | D:16     | stonewall: Тебе-то зачем
 59251 | D:16     | JacquesDerrida: енд ов таймс
 59254 | D:16     | stonewall: Тебе надо {Wiz Int+10}
 59724 | D:16     | Reached skill level 15 in Spellcasting
 60189 | D:18     | Reached XP level 18. HP: 123/123 MP: 20/38
 60214 | D:18     | stonewall: Чо как копье?
 60220 | D:18     | JacquesDerrida: Ацтой
 60220 | D:18     | JacquesDerrida: Пока
 60527 | D:18     | Noticed Rupert
 60582 | D:18     | Paralysed by Rupert for 4 turns
 60587 | D:18     | Killed Rupert
 60691 | D:18     | Noticed Mara
 60850 | D:18     | Found a staircase to the Vaults.
 60875 | D:18     | Learned a level 2 spell: Blink
 60880 | Vaults:1 | Entered Level 1 of the Vaults
 60887 | Vaults:1 | Paralysed by a great orb of eyes for 4 turns
 62132 | D:19     | Reached skill level 10 in Fighting
 62289 | D:19     | stonewall: Пока передохну, перед зотом
 62290 | D:19     | stonewall: Кофейком побалуюсь
 62290 | D:19     | JacquesDerrida: Зачем зотом
 62290 | D:19     | JacquesDerrida: а ад
 62290 | D:19     | JacquesDerrida: и все такое
 62331 | D:19     | stonewall: В зоте надо чармсы поучить
 62331 | D:19     | stonewall: На хасту
 62347 | D:19     | stonewall: И кублинк, если повезет
 62349 | D:19     | stonewall: С опытом
 62511 | D:19     | JacquesDerrida: Че с кентаврами случилось
 62511 | D:19     | JacquesDerrida: Простых больше нет?
 62511 | D:19     | JacquesDerrida: Уже до того дошло, что пачки воинов?
 62511 | D:19     | JacquesDerrida: И пачки воинов с несосом!
 62625 | D:19     | JacquesDerrida: ха-ха
 62625 | D:19     | JacquesDerrida: хатет
 62625 | D:19     | JacquesDerrida: -2(((
 62737 | D:19     | JacquesDerrida: Офигенчиком волт
 62737 | D:19     | JacquesDerrida: Как свитки окавайрмента
 63032 | D:19     | stonewall: Чертов роутер
 63290 | D:19     | JacquesDerrida: Нужны драконы!
 63317 | D:20     | Entered Level 20 of the Dungeon
 63343 | D:20     | JacquesDerrida: бич
 63390 | D:20     | stonewall: В зоте
 63399 | D:20     | stonewall: Будут
 63422 | D:20     | stonewall: Я гарантирую это
 63514 | D:20     | JacquesDerrida: Облако надо
 63541 | D:20     | stonewall: Да у тебя и так сильный герой
 63547 | D:20     | JacquesDerrida: НЕ
 63549 | D:20     | stonewall: Облако с книги в смысле?
 63555 | D:20     | JacquesDerrida: Конечно
 63569 | D:20     | stonewall: Т.е книги нету еще или выучишь не можешь?
 63569 | D:20     | JacquesDerrida: Netu
 63569 | D:20     | stonewall: А
 63569 | D:20     | stonewall: Обидно, да
 63569 | D:20     | JacquesDerrida: У меня скиллы уже на половину шторма(((
 63662 | D:20     | Reached skill level 1 in Hexes
 63663 | D:20     | stonewall: Иголки не жалуешь?
 63670 | D:20     | JacquesDerrida: НЕ
 63670 | D:20     | JacquesDerrida: Зачем
 63670 | D:20     | stonewall: Поставил бы в автопикап
 63670 | D:20     | JacquesDerrida: Дурацкие!
 63692 | D:20     | stonewall: Кураре-то норм
 63700 | D:20     | stonewall: Считай хаста
 63704 | D:20     | stonewall: :)
 63804 | D:19     | stonewall: Понерфили этих скелетронов
 63826 | D:19     | stonewall: Они теперь инвиз не видят
 63827 | D:19     | JacquesDerrida: Это дело хорошее
 63829 | D:20     | stonewall: И АС меньше
 64281 | D:20     | JacquesDerrida: шыт сакс
 64281 | D:20     | JacquesDerrida: Так мало ХД
 64281 | D:20     | JacquesDerrida: Что даже не дали +
 64600 | D:21     | stonewall: А кого ты убил?
 64629 | D:21     | JacquesDerrida: фаер дрейка
 64629 | D:21     | stonewall: Я пропустил чот
 64629 | D:21     | stonewall: А-а-а
 64649 | D:21     | stonewall: Ну да
 64907 | D:21     | JacquesDerrida: Бля...
 64907 | D:21     | JacquesDerrida: Ни репела
 64907 | D:21     | JacquesDerrida: Ни свифта
 64907 | D:21     | JacquesDerrida: Ничего
 65326 | D:21     | Found a one-way gate to the infinite horrors of the Abyss.
 65744 | D:21     | Reached XP level 19. HP: 100/139 MP: 0/39
 66229 | D:20     | stonewall: В зоте просто ебаный цирк
 66236 | D:20     | stonewall: Ваулт с клоунами и бананами, раскиданными по полу
 66236 | D:20     | JacquesDerrida: ЧОМУ
 66236 | D:20     | JacquesDerrida: О
 66236 | D:20     | JacquesDerrida: Я находил бананы
 66236 | D:20     | JacquesDerrida: Бананы это неплохо
 66236 | D:20     | JacquesDerrida: А еще с клоунами!
 66236 | D:20     | stonewall: Вообще забавно
 66240 | D:21     | stonewall: Смертельно опасный бранч и ебаный цирк
 66923 | D:21     | stonewall: Соседи разорались
 66951 | D:21     | stonewall: Видимо узнали, что убрали ловушки
 66964 | D:21     | JacquesDerrida: (((
 66964 | D:21     | JacquesDerrida: FAGETS
 66967 | D:21     | stonewall: Никуда от пьяного быдла не деться
 66989 | D:21     | stonewall: Ваулт няшный
 67006 | D:21     | stonewall: Внутри три свитка аквиремента
 67012 | D:21     | stonewall: А я мануал колдовства нашел
 67016 | D:21     | stonewall: Не иначе как руководство по установке генту
 67487 | D:21     | Reached skill level 5 in Charms
 67932 | D:21     | Cast into the Abyss (ogre mage)
 67954 | Abyss:1  | Found a corrupted altar of Lugonu.
 68099 | D:21     | Escaped the Abyss
 68518 | D:21     | Identified the Almanac of Assistive Dislocation
 68534 | D:21     | Learned a level 6 spell: Deflect Missiles
 69802 | Vaults:1 | JacquesDerrida: D: D: D:
 69804 | Vaults:1 | stonewall: Кофебрик
 69818 | Vaults:1 | stonewall: Остался керебов и домой
 69834 | Vaults:1 | JacquesDerrida: КАК
 69834 | Vaults:1 | stonewall: ?
 69834 | Vaults:1 | JacquesDerrida: А магическая
 69834 | Vaults:1 | stonewall: Лом лобон мертв
 69834 | Vaults:1 | JacquesDerrida: А темная!
 69836 | Vaults:1 | stonewall: Демоническую нашел
 69874 | Vaults:1 | stonewall: Кстати, приятно
 70196 | Vaults:1 | JacquesDerrida: eeeeew fak mai lyfe
 70242 | Vaults:1 | stonewall: О, ты уже 3 дракона убио
 70243 | Vaults:1 | stonewall: убил*
 70440 | Vaults:1 | stonewall: ШТО
 70448 | Vaults:1 | stonewall: Зачем ты мне дверь выпилил?
 70448 | Vaults:1 | stonewall: Ха-ха, ни разу не пробовал двери вышибать
 70448 | Vaults:1 | JacquesDerrida: Шобы ее оранжевый не запелил
 70459 | Vaults:1 | stonewall: Лол, и правда ведь
 70531 | Vaults:1 | Reached skill level 5 in Air Magic
 70533 | Vaults:1 | stonewall: Ай, опасно
 70545 | Vaults:1 | stonewall: Без щита нагибают
 70551 | Vaults:1 | JacquesDerrida: О
 70551 | Vaults:1 | JacquesDerrida: Так у него 9
 70551 | Vaults:1 | JacquesDerrida: 0
 70551 | Vaults:1 | JacquesDerrida: Заебцом
 70585 | Vaults:1 | stonewall: Приятный ветерок после дождичка
 70616 | Vaults:1 | JacquesDerrida: Переждал слоу
 70616 | Vaults:1 | JacquesDerrida: Хе-хе
 70795 | D:19     | stonewall: Алсо в этот раз не умру на антаэусе
 70864 | Vaults:1 | stonewall: Антее*
 70864 | Vaults:1 | stonewall: Я тогда вообще обнаглел
 70864 | Vaults:1 | JacquesDerrida: ВАТ
 70864 | Vaults:1 | stonewall: Что?
 70864 | Vaults:1 | JacquesDerrida: НЕ СТЕКАЕТСЯ
 70864 | Vaults:1 | JacquesDerrida: (((
 70864 | Vaults:1 | stonewall: С чем?
 70864 | Vaults:1 | JacquesDerrida: С щитом
 70864 | Vaults:1 | stonewall: Лол
 70864 | Vaults:1 | stonewall: Логично
 70864 | Vaults:1 | JacquesDerrida: Даже не работает!
 70864 | Vaults:1 | stonewall: И не должен
 70878 | D:18     | stonewall: Облако нашел бтв?
 70879 | D:18     | JacquesDerrida: не
 70879 | D:18     | stonewall: Бауу
 70879 | D:18     | JacquesDerrida: Это же кал
 70879 | D:18     | JacquesDerrida: У меня такой герой
 70879 | D:18     | stonewall: А хотел ведь
 70879 | D:18     | JacquesDerrida: Что нужен бердыш
 70879 | D:18     | stonewall: Драконидов морозить
 70879 | D:18     | JacquesDerrida: Защем вермбейн....
 70879 | D:18     | JacquesDerrida: (((
 70882 | D:18     | stonewall: Учи айс шторм
 70882 | D:18     | stonewall: Будь сырной епт
 70882 | D:18     | JacquesDerrida: Защем
 70882 | D:18     | JacquesDerrida: Нету
 70882 | D:18     | stonewall: Замораживай лягушек в лейре
 70882 | D:18     | JacquesDerrida: Я сам лягушка
 70882 | D:18     | stonewall: Ты рыб
 70882 | D:18     | stonewall: Русал
 70882 | D:18     | JacquesDerrida: Полурыб полу лягушка
 70932 | Vaults:1 | stonewall: Копье напомнило почитать Dragonlance
 70936 | Vaults:1 | stonewall: Так не возьмусь
 70936 | Vaults:1 | JacquesDerrida: ЩИТО
 70936 | Vaults:1 | JacquesDerrida: В мире столько книжек написали!
 70936 | Vaults:1 | JacquesDerrida: Хороших!
 70936 | Vaults:1 | stonewall: Ага
 70936 | Vaults:1 | JacquesDerrida: Ну какой дрегонланс!
 70936 | Vaults:1 | JacquesDerrida: D: D: D:
 70984 | Vaults:1 | stonewall: Люблю школофэнтези
 70988 | Vaults:1 | JacquesDerrida: Этот ленс сосает
 70989 | Vaults:1 | stonewall: А я вот не помню, кем его тестил
 70994 | Vaults:1 | stonewall: Жалко нельзя по эквипу искать героев
 70994 | Vaults:1 | JacquesDerrida: Эцсамое
 70994 | Vaults:1 | JacquesDerrida: Чет не знаю
 70994 | Vaults:1 | JacquesDerrida: Это же не фриз и не фаер
 70994 | Vaults:1 | JacquesDerrida: Сакс...
 70994 | Vaults:1 | stonewall: Да, засада
 71005 | Vaults:1 | stonewall: Можно совмещать айс болты и копье, бтв
 71007 | Vaults:1 | stonewall: Думаю сойдет
 71007 | Vaults:1 | JacquesDerrida: Нет болта
 71007 | Vaults:1 | JacquesDerrida: Ничего нет
 71012 | Vaults:1 | stonewall: Я помню играл DDNe, дрался каким-то говном, зато с айрон шотом
 71017 | Vaults:1 | stonewall: Неплохо так было
 71054 | Vaults:1 | stonewall: Ладно, пойду в пандоминимум
 72168 | Vaults:2 | Noticed Sojobo
 72456 | Vaults:2 | Reached skill level 17 in Polearms
 72610 | Vaults:2 | Found a basalt altar of Yredelemnul.
 72610 | Vaults:2 | Found a staircase to the Crypt.
 72611 | Vaults:2 | Found an ancient bone altar of Kikubaaqudgha.
 72717 | Vaults:2 | Reached XP level 20. HP: 141/150 MP: 40/40
 73068 | Vaults:2 | Reached skill level 18 in Polearms
 73101 | Vaults:2 | Paralysed by a great orb of eyes for 6 turns
 73519 | Vaults:2 | Noticed Jory
 73753 | Vaults:2 | Killed Jory
 74180 | Vaults:3 | Reached skill level 19 in Polearms
 74185 | Vaults:3 | Noticed Norris
 74236 | Vaults:3 | Killed Norris
 74550 | Vaults:3 | Reached skill level 20 in Polearms
 74577 | Vaults:3 | Found a staircase to the Hall of Blades.
 74655 | Blade    | Entered the Hall of Blades
 75870 | Vaults:3 | Reached skill level 21 in Polearms
 76416 | Vaults:3 | Found Zioqurch's Magical Wand Emporium.
 76662 | Vaults:3 | Found Kucun's Distillery.
 76669 | Vaults:3 | Bought a potion of heal wounds for 54 gold pieces
 76669 | Vaults:3 | Bought a potion of degeneration for 36 gold pieces
 76811 | Vaults:3 | JacquesDerrida: Очень грустно(((
 76811 | Vaults:3 | stonewall: Чо так?
 76811 | Vaults:3 | stonewall: А
 76811 | Vaults:3 | JacquesDerrida: Жамкнул не то(((
 76811 | Vaults:3 | stonewall: Да фигня, догонишь тысячу раз
 76811 | Vaults:3 | stonewall: Она мало перегоняет
 76903 | Vaults:4 | Reached skill level 22 in Polearms
 76982 | Vaults:4 | the staircase to the Hall of Blades was a mimic.
 77042 | Vaults:4 | Found Strehec's Antique Armour Boutique.
 77066 | Vaults:4 | JacquesDerrida: Хм
 77066 | Vaults:4 | Bought an ichor-stained leather armour for 245 gold pieces
 77066 | Vaults:4 | Identified the cursed -1 leather armour "Kiliosho" {Acc+5 SInv} (You bought it in a shop on level 4 of the Vaults)
 77068 | Vaults:4 | stonewall: О, эта шкура
 77070 | Vaults:4 | JacquesDerrida: Da
 77070 | Vaults:4 | JacquesDerrida: Дурацкая
 77070 | Vaults:4 | stonewall: Взял бы в коцит
 77070 | Vaults:4 | JacquesDerrida: Она как роба
 77070 | Vaults:4 | JacquesDerrida: 0 гдр
 77077 | Vaults:4 | stonewall: А
 77080 | Vaults:4 | stonewall: Ну да
 77174 | Vaults:4 | JacquesDerrida: ватафак
 77328 | Vaults:4 | stonewall: Заебал кравл, пойду спатеньки
 77329 | Vaults:4 | stonewall: Тебе удачи огромной
 77329 | Vaults:4 | JacquesDerrida: Прально. Покедова
 77372 | Vaults:4 | Identified the ring "Uzanol" {rPois rN+ Str+1 Stlth-}
 77372 | Vaults:4 | Found Qimo Potick's General Store.
 77400 | Vaults:4 | Bought the +2 cloak of the Thief {+Fog Dam-3 SInv Stlth++} for 360 gold pieces
 77545 | Vaults:4 | Reached XP level 21. HP: 146/155 MP: 35/40
 77737 | Vaults:4 | Reached skill level 23 in Polearms
 79078 | Vaults:4 | Found Jayvucodd's Antique Weapon Emporium.
 79851 | Elf:1    | Entered Level 1 of the Elven Halls
 79851 | Elf:1    | Found a burning altar of Makhleb.
 79950 | Elf:1    | Found Etsoar's Magic Scroll Shop.
 80024 | Elf:1    | Reached skill level 24 in Polearms
 80283 | Elf:1    | Noticed Roxanne
 80333 | Elf:1    | Killed Roxanne
 80335 | Elf:1    | Identified Roxanne's Incunabulum of Mutagenic Stones (You took it off Roxanne on level 1 of the Elven Halls)
 80945 | Elf:2    | Found Cleluy's Jewellery Shoppe.
 80954 | Elf:2    | Bought a cursed -3,-3 ring of slaying for 30 gold pieces
 81235 | Elf:2    | Identified a scroll of acquirement
 81643 | Elf:3    | Entered Level 3 of the Elven Halls
 81658 | Elf:3    | Learned a level 5 spell: Fireball
 82831 | D:22     | Reached skill level 15 in Dodging
 83336 | D:23     | Noticed Mennas
 83741 | D:23     | Learned a level 5 spell: Silence
 84983 | Elf:3    | Noticed Saint Roka
 85577 | Elf:3    | Reached XP level 22. HP: 151/165 MP: 36/41
 86477 | Elf:3    | Killed Saint Roka
 87231 | Elf:3    | Identified the ring "Skunur" {rElec rPois SInv}
 87266 | Elf:3    | Identified the ring "Qemanuh" {Str+2 Dex+2 Int+4}
 87318 | Elf:3    | Learned a level 4 spell: Control Teleport
 87470 | Elf:3    | Identified a +4 rod of demonology (14/14) (You found it on level 3 of the Elven Halls)
 89177 | D:24     | Found a one-way gate leading to the halls of Pandemonium.
 89985 | D:24     | Reached skill level 15 in Ice Magic
 90422 | D:24     | Reached XP level 23. HP: 172/172 MP: 19/43
 91114 | D:24     | Reached skill level 10 in Charms
 91614 | D:24     | Identified the +1 robe of Strenn {rF+ Stlth--}
 91715 | D:25     | Entered Level 25 of the Dungeon
 91852 | D:25     | Noticed Frederick
 91875 | D:25     | Killed Frederick
 92059 | D:25     | Found a magical portal.
 92069 | WizLab   | Entered a wizard's laboratory
 92760 | WizLab   | Identified the Almanac of Lethal Snow (You acquired it in a wizard's laboratory)
 92923 | WizLab   | Learned a level 6 spell: Bolt of Cold
 93866 | D:26     | Reached skill level 15 in Fighting
 94949 | D:26     | Found a glowing golden altar of the Shining One.
 95438 | D:25     | Identified the +6 scale mail of the Elephant {Str+5 Curse}
 95867 | D:27     | Entered Level 27 of the Dungeon
 95887 | D:27     | Reached XP level 24. HP: 187/187 MP: 38/43
 97620 | Lair:1   | Learned a level 2 spell: Corpse Rot
 97622 | Lair:1   | Learned a level 1 spell: Beastly Appendage
 97959 | Vaults:5 | Entered Level 5 of the Vaults
 97995 | Vaults:4 | Reached skill level 1 in Transmutations
 98042 | Vaults:4 | Reached skill level 1 in Necromancy
 98586 | Vaults:4 | Reached skill level 5 in Transmutations
 99478 | Vaults:5 | Reached skill level 5 in Necromancy
100157 | Vaults:5 | Reached XP level 25. HP: 143/187 MP: 2/44
100596 | Vaults:5 | Reached skill level 10 in Transmutations
100888 | Vaults:5 | Identified the ring "Tomenwur" {rF+ Dex+2 Int+5} (You took it off a tengu reaver on level 5 of the Vaults)
101470 | Vaults:5 | Identified the Guide on Glacial Calling
101514 | Vaults:5 | Got the cursed demon whip "Fuaffaxi" {elec, rN+}
102161 | Vaults:5 | Identified Wodujor's Papyrus of Ice and Transmutation
102465 | Vaults:5 | Got a silver rune of Zot
102537 | Vaults:5 | Learned a level 2 spell: Fire Brand
102972 | Lair:1   | Learned a level 8 spell: Necromutation
102991 | Lair:1   | Upgraded the game from 0.13-a0-2496-g11650dd to 0.13-a0-2505-g5f0fbe2
103136 | Slime:1  | Entered Level 1 of the Pits of Slime
103318 | Slime:2  | Paralysed by a giant eyeball for 4 turns
103681 | Slime:3  | Gained mutation: You are agile (Dex +1). [a shining eye]
103700 | Slime:3  | Paralysed by a giant eyeball for 4 turns
103707 | Slime:3  | Paralysed by a giant eyeball for 3 turns
103720 | Slime:3  | Somebody: +18 lance "Wyrmbane"?! Does that thing have a limit?!
103720 | Slime:3  | JacquesDerrida: That's the limit
103720 | Slime:3  | Somebody: Wow.
103720 | Slime:3  | JacquesDerrida: It's bad
103726 | Slime:3  | Mangled by an azure jelly

Action                   |  1- 3 |  4- 6 |  7- 9 | 10-12 | 13-15 | 16-18 | 19-21 | 22-24 | 25-27 || total
-------------------------+-------+-------+-------+-------+-------+-------+-------+-------+-------++-------
Melee: Unarmed           |    15 |       |       |       |       |       |       |       |       ||    15
       Spear             |    59 |    18 |       |       |       |       |       |       |       ||    77
       Dagger            |     4 |       |       |       |       |    12 |       |       |       ||    16
       Long sword        |       |    92 |   230 |    51 |       |       |       |       |       ||   373
       Halberd           |       |       |       |   271 |   133 |   976 |   142 |       |       ||  1522
       Scimitar          |       |       |       |    19 |    15 |       |       |       |       ||    34
       Trident           |       |       |       |    75 |  1819 |    30 |       |       |       ||  1924
       Lance             |       |       |       |       |       |   920 |  3554 |  3184 |   514 ||  8172
       Scythe            |       |       |       |       |       |       |       |   183 |       ||   183
       Bardiche          |       |       |       |       |       |       |       |       |    48 ||    48
 Cast: Freeze            |    42 |    53 |   155 |   439 |   301 |   258 |    55 |     3 |       ||  1306
       Ozocubu's Armour  |       |     4 |     9 |    35 |    77 |    88 |   124 |    89 |    27 ||   453
       Throw Frost       |       |       |    57 |    66 |   458 |   553 |    51 |     1 |       ||  1186
       Summon Ice Beast  |       |       |     5 |    26 |   178 |    58 |    28 |       |       ||   295
       Throw Icicle      |       |       |       |    71 |   303 |   232 |   244 |    58 |     8 ||   916
       Condensation Shie |       |       |       |    11 |    36 |    44 |    96 |    83 |    22 ||   292
       Iskenderun's Myst |       |       |       |       |     7 |       |       |       |       ||     7
       Swiftness         |       |       |       |       |     4 |       |    12 |     8 |     3 ||    27
       Corpse Rot        |       |       |       |       |     6 |       |       |       |       ||     6
       Iskenderun's Batt |       |       |       |       |       |   167 |    62 |    15 |     1 ||   245
       Fulminant Prism   |       |       |       |       |       |     4 |       |       |       ||     4
       Searing Ray       |       |       |       |       |       |     1 |       |       |       ||     1
       Apportation       |       |       |       |       |       |     2 |     1 |       |       ||     3
       Regeneration      |       |       |       |       |       |     2 |    14 |    15 |     5 ||    36
       Deflect Missiles  |       |       |       |       |       |       |    14 |    45 |     5 ||    64
       Fireball          |       |       |       |       |       |       |     5 |     4 |     7 ||    16
       Silence           |       |       |       |       |       |       |       |    24 |     2 ||    26
       Bolt of Cold      |       |       |       |       |       |       |       |    25 |    21 ||    46
       Blink             |       |       |       |       |       |       |       |     4 |       ||     4
       Fire Brand        |       |       |       |       |       |       |       |       |     5 ||     5
       Necromutation     |       |       |       |       |       |       |       |       |     1 ||     1
Invok: Scrying           |       |       |       |       |       |     4 |     4 |     7 |     1 ||    16
       Transfer Knowledg |       |       |       |       |       |       |     1 |       |       ||     1
Evoke: Wand              |       |     1 |     7 |    25 |    16 |    10 |    11 |     3 |     3 ||    76
       Rod               |       |       |       |       |     8 |       |     4 |     4 |       ||    16
       Miscellaneous     |       |       |       |       |       |       |     1 |     2 |       ||     3
  Use: Potion            |       |     1 |     6 |    14 |    16 |    17 |    10 |     4 |     7 ||    75
       Scroll            |       |       |    12 |     9 |    19 |    24 |    23 |    13 |    27 ||   127
 Stab: Sleeping          |     2 |     3 |     2 |     3 |    14 |    19 |    12 |     1 |     3 ||    59
       Confused          |       |     1 |       |       |       |       |       |     2 |       ||     3
       Paralysed         |       |       |       |     2 |       |       |       |       |       ||     2
       Invisible         |       |       |       |       |     1 |       |       |     5 |       ||     6
       Distracted        |       |       |       |       |    14 |     4 |     5 |       |       ||    23
       Fleeing           |       |       |       |       |       |       |       |     3 |     2 ||     5
